 Dungeon Crawl Stone Soup version 0.25.1-2-g60ff931 (webtiles) character file.

Game seed: 15710164026303194067

150 ringo67 the Insei (level 5, -1/29 HPs)
             Began as a Vine Stalker Monk on Aug 29, 2020.
             Killed from afar by Sigmund (6 damage)
             ... with a puff of flame
             ... on level 3 of the Dungeon.
             The game lasted 00:07:31 (1770 turns).

ringo67 the Insei (Vine Stalker Monk)               Turns: 1770, Time: 00:07:31

Health: -1/29      AC:  9    Str: 14    XL:     5   Next: 32%
Magic:  0/6        EV: 11    Int: 10    God:
Gold:   83         SH:  0    Dex: 17    Spells: 4/4 levels left

rFire    . . .     SeeInvis .     - Unarmed
rCold    . . .     Gourm    .   (no shield)
rNeg     . . .     Faith    .   h - +1 ring mail
rPois    .         Spirit   +   (no helmet)
rElec    .         Reflect  .   o - +2 cloak
rCorr    .         Harm     .   (no gloves)
MR       .....                  (no boots)
Stlth    ++........             (no amulet)
HPRegen  0.49/turn              (no ring)
MPRegen  0.10/turn              (no ring)

@: no status effects
A: fangs 2, regeneration 1, magic shield, antimagic bite, no potion heal 3, rot
immunity
a: no special abilities


You were on level 3 of the Dungeon.
You were not hungry.

You visited 1 branch of the dungeon, and saw 3 of its levels.

You collected 83 gold pieces.

Inventory:

Hand Weapons
 a - a +0 hunting sling
Missiles
 k - 42 stones (quivered)
Armour
 h - a +1 ring mail (worn)
 m - a +0 robe
 o - a +2 cloak (worn)
Jewellery
 l - a cursed -4 ring of intelligence {unknown}
Scrolls
 c - a scroll of immolation {unknown}
 d - 2 scrolls of amnesia
Potions
 e - a potion of lignification
 f - 2 potions of curing
 g - a potion of haste {unknown}
Comestibles
 b - 5 rations
 q - 8 chunks of flesh


   Skills:
 + Level 3.7 Fighting
 - Level 2.4 Dodging
 - Level 2.4 Stealth
 * Level 5.1 Unarmed Combat


You had 4 spell levels left.
You didn't know any spells.
Your spell library was empty.

Dungeon Overview and Level Annotations

Branches:
Dungeon (3/15)

Altars:
Cheibriados
Wu Jian

Portals:
Sewer: D:3

Annotations:
D:3 Sigmund


Innate Abilities, Weirdness & Mutations

You have extremely sharp teeth.
Your natural rate of healing is unusually fast.
When hurt, damage is shared between your health and your magic reserves.
Your bite disrupts and absorbs the magic of your enemies.
Potions cannot restore your health.
You are immune to rotting.


Message History

* * * LOW HITPOINT WARNING * * *
You punch the gnoll!
You kill the gnoll!
A worm comes into view.
The bat barely misses you. Sigmund closely misses you.
Things that are here:
a +0 spear; a gnoll corpse You hit Sigmund.
Your bite misses Sigmund.
Sigmund is lightly wounded.
The bat hits you but does no damage.
You closely miss Sigmund.
Sigmund is lightly wounded.
The bat barely misses you. Sigmund barely misses you.
The bat hits you but does no damage.
You closely miss Sigmund. Your bite misses Sigmund.
Sigmund is lightly wounded.
The bat hits you but does no damage. x2
Sigmund casts a spell at you. The puff of flame hits you!
You die...

#.####...... #.##.#
...........( #.##.#
##.###... .. #.##.####
#.## ..########## #.##..
#..# .#+#...........
#.##.#
##.###.#.#.##≈≈≈≈≈#
#.##.#
###..##.#.#.##≈≈≈≈≈##.#
#.##.#
.###.##.#.#.≈≈.≈).?≈≈≈#
#÷##.#
...÷))#.#.#.≈≈..@@.≈≈.#
#.##.#
......#.#.#.≈≈≈.b......#
#.##.#
......#.#.#.≈≈.≈...≈≈w..
#....#
........#.#.≈≈.....≈≈.##
######
######..#.#.##≈≈≈≈≈##.#
# #..#.#.##≈≈≈≈≈# # #
#.>............ #
#####.......#### #
######### #


You could see Sigmund (strong), a worm and a bat.

Vanquished Creatures
  4 gnolls (D:3)
  5 adders
  A dart slug (D:2)
  5 leopard geckos
  An orc (D:3)
  11 bats
  8 giant cockroaches
  8 goblins
  4 hobgoblins (D:2)
  2 jackals (D:3)
  A quokka (D:2)
  A ball python (D:2)
  A frilled lizard (D:1)
  3 kobolds
  5 rats
60 creatures vanquished.

Notes
Turn   | Place    | Note
-------+----------+-------------------------------------------
     0 | D:1      | ringo67 the Vine Stalker Monk began the quest for the Orb.
     0 | D:1      | Reached XP level 1. HP: 11/11 MP: 2/2
     1 | D:1      | Found a snail-covered altar of Cheibriados.
    84 | D:2      | Reached XP level 2. HP: 12/16 MP: 0/3
   594 | D:2      | Reached XP level 3. HP: 18/20 MP: 4/4
   642 | D:2      | Found an ornate altar of the Wu Jian Council.
   902 | D:1      | Reached skill level 4 in Unarmed Combat
  1447 | D:3      | Gained mutation: Your natural rate of healing is unusually
                  | fast. [Vine Stalker growth]
  1447 | D:3      | Reached XP level 4. HP: 24/24 MP: 5/5
  1730 | D:3      | Found a glowing drain.
  1755 | D:3      | Reached XP level 5. HP: 26/28 MP: 3/6
  1756 | D:3      | Noticed Sigmund
  1759 | D:3      | Reached skill level 5 in Unarmed Combat
  1770 | D:3      | Killed from afar by Sigmund

Illustrated notes

Levels and vault maps discovered:
D:1:      sevenhm_arrival_forest_fort_small_6, layout_loops_ring,
          minmay_worlds_worst_comb
D:2:      layout_rooms, lemuel_round_altar
D:3:      layout_basic, cheibrodos_sewer_entry_sluice, uniq_sigmund

Skill      XL: |  1  2  3  4  5 |
---------------+----------------+-----
Fighting       | 3 |  3.7
Unarmed Combat | 4 5 |  5.1
Dodging        | |  2.4
Stealth        | |  2.4

Action                   |  1- 3 |  4- 6 || total
-------------------------+-------+-------++-------
Melee: Unarmed           |   136 |    80 ||   216
       Bite              |    30 |    16 ||    46
       Punch             |     2 |     2 ||     4
 Fire: Hunting sling     |     1 |       ||     1
  Use: Scroll            |     6 |       ||     6
       Potion            |     3 |       ||     3
 Stab: Sleeping          |     4 |     1 ||     5
  Eat: Chunk             |     2 |     1 ||     3
Armor: Robe              |     6 |       ||     6
       Ring mail         |    40 |    60 ||   100
Dodge: Dodged            |    77 |    64 ||   141
